 Dungeon Crawl Stone Soup version 0.18.1-50-g88ac8fd (webtiles) character file.

22241 magog001 the Cleaver (level 12, -1/112 HPs)
             Began as a Hill Orc Fighter on Aug 18, 2018.
             Was a Priest of Nemelex Xobeh.
             Slain by a vampire
             ... wielding a +2 morningstar of flaming
              (6 damage)
             ... in a volcano.
             The game lasted 01:13:14 (13574 turns).

magog001 the Cleaver (Hill Orc Fighter)            Turns: 13574, Time: 01:13:15

Health: -1/112     AC: 13    Str: 27    XL:     12   Next: 98%
Magic:  12/12      EV: 10    Int:  8    God:    Nemelex Xobeh [***...]
Gold:   339        SH: 14    Dex: 13    Spells: 0 memorised, 11 levels left

rFire  + + .     SeeInvis .     z - +4 broad axe (chop)
rCold  + + .     Gourm    .     x - +4 ring mail of the Wheelwright {Dex+3 Slay+2}
rNeg   . . .     Faith    .     c - +1 shield
rPois  +         Spirit   .     u - +2 hat
rElec  +         Dismiss  .     (no cloak)
rCorr  +         Reflect  .     (no gloves)
SustAt .         Harm     .     (no boots)
MR     .....                    s - amulet of regeneration
Stlth  +.........               m - ring of protection from cold
                                k - +3 ring of strength

@: resistant, not resistant to hostile enchantments, very unstealthy
A: fire resistance 1, screaming 1
a: Triple Draw, Renounce Religion


You were in a volcano.
You worshipped Nemelex Xobeh.
Nemelex Xobeh was most pleased with you.
You were not hungry.

You visited 3 branches of the dungeon, and saw 14 of its levels.
You also visited: Ossuary and Volcano.

You collected 1175 gold pieces.
You spent 836 gold pieces at shops.

Inventory:

Hand Weapons
 b - a +0 greatsling
 z - a +4 broad axe of chopping (weapon)
Missiles
 o - 19 tomahawks (quivered)
 P - 30 sling bullets
Armour
 c - a +1 shield (worn)
 u - a +2 hat (worn)
 x - the +4 ring mail of the Wheelwright (worn) {Dex+3 Slay+2}
   (You bought it in a shop on level 5 of the Dungeon)

   It affects your dexterity (+3).
   It affects your accuracy and damage with ranged weapons and melee attacks
   (+2).
Jewellery
 k - a +3 ring of strength (left hand)
 m - a ring of protection from cold (right hand)
 s - an amulet of regeneration (around neck)
Wands
 a - a wand of digging (10/24)
 e - a wand of iceblast (4/15)
 n - a wand of paralysis (16/24)
 q - a wand of hasting (5/9)
 y - a wand of confusion (37/48)
 F - a wand of lightning (5/15)
 G - a wand of lightning (3/15)
 H - a wand of slowing (19/48)
 K - a wand of acid (12/15)
 Q - a wand of digging (14/24)
Scrolls
 h - 4 scrolls of amnesia
 l - 3 scrolls of identify
 w - 3 scrolls of recharging
 B - a scroll of blinking
 C - 3 scrolls of teleportation
 E - 2 scrolls of remove curse
Potions
 g - a potion of invisibility
 i - a potion of ambrosia
 r - 3 potions of haste
 t - a potion of berserk rage {unknown}
 D - a potion of flight
 I - a potion of magic
 J - a potion of lignification
 M - a potion of resistance
 N - 3 potions of agility
Miscellaneous
 d - a plain deck of escape
 v - a legendary deck of escape
 L - a legendary deck of war
 O - a plain deck of destruction {drawn: 2}
 S - a plain deck of destruction
Comestibles
 f - 14 bread rations
 j - 5 beef jerkies
 p - 6 meat rations


   Skills:
 * Level 12.0 Fighting
 * Level 14.4 Axes
 + Level 0.1 Throwing
 * Level 11.6 Armour
 - Level 0.1 Dodging
 + Level 1.0 Stealth
 * Level 12.3 Shields
 + Level 0.8 Evocations


You had 11 spell levels left.
You didn't know any spells.

Dungeon Overview and Level Annotations

Branches:
Dungeon (12/15)            Temple (1/1) D:4            Lair (0/8) D:9
    Orc (1/2) D:12

Altars:
Ashenzari
Cheibriados
Dithmenos
Elyvilon
Fedhas
Gozag
Kikubaaqudgha
Makhleb
Nemelex Xobeh
Okawaru
Pakellas
Qazlal
Ru
Sif Muna
Trog
Vehumet
Xom
Yredelemnul
Zin
The Shining One

Shops:
D:4 *   D:5 =[   D:12 :


Innate Abilities, Weirdness & Mutations

Your flesh is heat resistant.
You occasionally shout uncontrollably at your foes.


Message History

You bump into the stone wall.
Something hits you!
* * * LOW HITPOINT WARNING * * *
Something burns you.
* * * LOW HITPOINT WARNING * * *
Something bites you but does no damage.
Drink which item? (? for menu, Esc to quit)
Your magical effects are unravelling.
You feel magically purged.
You feel less confused. Something hits you!
* * * LOW HITPOINT WARNING * * *
Something burns you.
* * * LOW HITPOINT WARNING * * *
You block something's attack.
Drink which item? (? for menu, Esc to quit)
It was a potion of resistance.
You feel protected. Something hits you but does no damage. Something bites you.
You die...
Your body disappears without a glow.

### ..### ....### #####
......### #...# ........####
##.∩.### ...........##
###......### ≈≈≈≈........###
..........
≈≈≈≈≈≈§......≈####Z#..#.#
≈≈≈≈≈≈§§§§......@{{.....#
§§≈≈§§≈§.....≈####Z#..#.#####...
≈§≈≈§≈≈≈≈§..### ............ZZ..
≈≈§§§≈≈≈≈≈..# ###......#####...
≈≈≈§§≈≈≈## ##.##.## ≈§≈§≈≈§##
#.##.# §≈≈§§# #.##.# ≈≈≈##
..##.. ≈## #.


You could see a naga skeleton and an ogre skeleton.

Vanquished Creatures
  A fire dragon (D:12)
  An unseen horror (D:11)
  3 hill giants
  An orc knight (D:12)
  Pikel (D:9)
  3 ugly things
  A cyclops (Orc:1)
  A manticore (D:12)
  The ghost of magog001 the Magician, a novice HEWz (D:4)
  9 trolls
  A minotaur skeleton (Volcano)
  2 flying skulls (Volcano)
  A vampire (Volcano)
  A spriggan (D:10)
  A shadow (D:11)
  2 wyverns
  13 yaks
  3 basilisks
  2 hippogriffs
  3 hungry ghosts
  A water moccasin (D:9)
  14 orc warriors
  4 porcupines (D:9)
  6 ice beasts
  3 slaves (D:9)
  5 sky beasts
  A black bear (D:12)
  A merfolk skeleton (Volcano)
  2 necrophages (D:8)
  3 phantoms
  An eye of draining (D:9)
  10 ogres
  2 manticore skeletons (Volcano)
  10 centaurs
  9 crocodiles
  2 big kobolds (D:8)
  5 giant frogs
  A wyvern zombie (D:8)
  A scorpion (D:9)
  11 killer bees
  2 troll skeletons (Volcano)
  9 wights
  6 crimson imps
  A giant frog zombie (D:8)
  7 hounds
  6 centaur zombies
  A quasit (D:7)
  9 orc priests
  3 centaur skeletons
  2 giant frog skeletons
  3 jellies
  17 orc wizards
  An iguana (D:9)
  A two-headed ogre skeleton (Volcano)
  10 worker ants
  A big kobold zombie (Ossuary)
  A hound skeleton (D:9)
  6 mummies
  6 gnolls (D:5)
  2 howler monkey skeletons
  16 adders
  5 river rats (D:9)
  4 shadow imps
  An adder zombie (D:8)
  An adder skeleton (D:6)
  A dart slug (D:3)
  7 giant geckos
  78 orcs
  4 ball pythons
  6 giant cockroaches
  8 goblins
  3 hobgoblins
  3 jackals (D:1)
  11 kobolds
  4 quokkas
  10 bats
  A giant cockroach zombie (D:5)
  3 giant newts
  3 hobgoblin zombies (Ossuary)
  A quokka skeleton (D:6)
  10 rats
417 creatures vanquished.

Vanquished Creatures (others)
  A slave (D:9)
  An ogre (D:9)
  A river rat (D:9)
  An orc (D:9)
  11 plants (D:9)
15 creatures vanquished.

Grand Total: 432 creatures vanquished

Notes
Turn   | Place    | Note
--------------------------------------------------------------
     0 | D:1      | magog001 the Hill Orc Fighter began the quest for the Orb.
     0 | D:1      | Reached XP level 1. HP: 19/19 MP: 1/1
   224 | D:1      | Reached XP level 2. HP: 27/27 MP: 2/2
   338 | D:1      | Reached skill level 3 in Axes
   812 | D:2      | Reached XP level 3. HP: 32/33 MP: 3/3
  1449 | D:3      | Reached XP level 4. HP: 33/40 MP: 4/4
  1458 | D:3      | Found a sacrificial altar of Ru.
  1715 | D:3      | Found a white marble altar of Elyvilon.
  1869 | D:3      | Reached XP level 5. HP: 46/46 MP: 5/5
  2383 | D:4      | Found a deep blue altar of Sif Muna.
  2456 | D:4      | Reached skill level 5 in Shields
  2533 | D:4      | Noticed magog001's ghost (novice HEWz)
  2559 | D:4      | Killed magog001's ghost
  2559 | D:4      | Reached skill level 4 in Axes
  2559 | D:4      | Reached skill level 5 in Armour
  2559 | D:4      | Reached XP level 6. HP: 27/53 MP: 6/6
  2585 | D:4      | Reached XP level 7. HP: 17/60 MP: 7/7
  2654 | D:4      | Found Zifygi's Assorted Antiques.
  2665 | D:4      | Bought an amethyst potion for 19 gold pieces
  2665 | D:4      | Bought a glowing hat for 88 gold pieces
  2665 | D:4      | Bought 2 scrolls labeled JAENKY HUFUWN for 44 gold pieces
  2701 | D:4      | Found a staircase to the Ecumenical Temple.
  2710 | Temple   | Entered the Ecumenical Temple
  2933 | D:5      | Entered Level 5 of the Dungeon
  2933 | D:5      | Found Fatek's Armour Emporium.
  3195 | D:5      | Reached skill level 5 in Fighting
  3239 | D:5      | Reached skill level 5 in Axes
  3430 | D:5      | Found Ihotow's Jewellery Shop.
  3481 | D:5      | Reached XP level 8. HP: 24/68 MP: 8/8
  3750 | D:5      | Found a bloodstained altar of Trog.
  3941 | D:5      | Reached skill level 6 in Axes
  4477 | D:6      | Reached skill level 7 in Axes
  4477 | D:6      | Reached XP level 9. HP: 56/78 MP: 9/9
  4531 | D:6      | Reached skill level 1 in Stealth
  4535 | D:6      | Gained mutation: You are dopey. (Int -2) [mutagenic meat]
  4934 | D:6      | Reached skill level 8 in Axes
  6006 | D:7      | Found a shadowy altar of Dithmenos.
  6366 | D:8      | Found a blossoming altar of Fedhas.
  6367 | D:8      | Found a stormy altar of Qazlal.
  6367 | D:8      | Found a sparkling altar of Nemelex Xobeh.
  6369 | D:8      | Found a basalt altar of Yredelemnul.
  6380 | D:8      | Became a worshipper of Nemelex Xobeh the Trickster
  6413 | D:8      | Reached skill level 9 in Axes
  6416 | D:8      | Reached XP level 10. HP: 23/87 MP: 10/10
  6570 | D:8      | Received a gift from Nemelex Xobeh
  6674 | D:8      | Found a sand-covered staircase.
  6682 | Ossuary  | Entered an ossuary
  6973 | D:8      | Gained mutation: Your body sometimes deteriorates upon taking damage. [potion of mutation]
  6973 | D:8      | Gained mutation: You have sharp toenails. [potion of mutation]
  6974 | D:8      | Lost mutation: You are dopey. (Int -2) [potion of cure mutation]
  6974 | D:8      | Lost mutation: Your body sometimes deteriorates upon taking damage. [potion of cure mutation]
  6974 | D:8      | Lost mutation: You have sharp toenails. [potion of cure mutation]
  6978 | D:8      | Gained mutation: Your flesh is heat resistant. [potion of beneficial mutation]
  7775 | D:9      | Reached skill level 10 in Axes
  7803 | D:9      | Found an oddly glowing altar of Pakellas.
  7809 | D:9      | Found a shattered altar of Ashenzari.
  7812 | D:9      | Found a shimmering altar of Xom.
  8033 | D:9      | Paralysed by fainting for 8 turns
  8117 | D:9      | Noticed Pikel
  8158 | D:9      | Killed Pikel
  8443 | D:9      | Found a staircase to the Lair.
  8463 | D:9      | Reached skill level 10 in Shields
  8469 | D:9      | Reached skill level 11 in Axes
  8469 | D:9      | Reached XP level 11. HP: 68/96 MP: 11/11
  8637 | D:9      | Reached * piety under Nemelex Xobeh
  8781 | D:9      | Got a bronze leather armour
  8792 | D:9      | Identified the +3 leather armour of the Imp {rC+ Int+7} (You took it off an orc on level 9 of the Dungeon)
  8998 | D:9      | Found a glowing silver altar of Zin.
  8998 | D:9      | Found a burning altar of Makhleb.
  8998 | D:9      | Received a gift from Nemelex Xobeh
  9000 | D:9      | Noticed a blizzard demon
  9000 | D:9      | Noticed an angel
  9211 | D:10     | Entered Level 10 of the Dungeon
  9230 | D:10     | Reached skill level 10 in Armour
  9508 | D:10     | Reached skill level 10 in Fighting
  9519 | D:10     | Reached skill level 12 in Axes
  9736 | D:10     | Reached ** piety under Nemelex Xobeh
 10029 | D:11     | Noticed a hill giant
 10046 | D:11     | Killed a hill giant
 10474 | D:11     | Received a gift from Nemelex Xobeh
 10573 | D:11     | Noticed a red ugly thing
 10596 | D:11     | Killed a red ugly thing
 10873 | D:11     | Gained mutation: You occasionally shout uncontrollably at your foes. [mutagenic meat]
 10908 | D:11     | Reached XP level 12. HP: 66/108 MP: 12/12
 11224 | D:11     | Reached skill level 13 in Axes
 11335 | D:11     | Found a radiant altar of Vehumet.
 11373 | D:11     | Identified a scroll of acquirement
 11774 | D:12     | Found a sparkling altar of Nemelex Xobeh.
 11809 | D:12     | Received a gift from Nemelex Xobeh
 11891 | D:12     | Found Tyluafia's Book Boutique.
 11973 | D:12     | Found an oddly glowing altar of Pakellas.
 12104 | D:12     | Reached *** piety under Nemelex Xobeh
 12370 | D:12     | Found a staircase to the Orcish Mines.
 12410 | D:12     | Noticed a fire dragon
 12421 | D:12     | Killed a fire dragon
 12849 | D:5      | Bought the +4 ring mail of the Wheelwright {Dex+3 Slay+2} for 685 gold pieces
 13095 | Orc:1    | Entered Level 1 of the Orcish Mines
 13114 | D:12     | Reached skill level 14 in Axes
 13313 | Orc:1    | Found a dark tunnel.
 13319 | Volcano  | Entered a volcano
 13360 | Volcano  | Received a gift from Nemelex Xobeh
 13428 | Volcano  | HP: 5/112 [minotaur skeleton (18)]
 13573 | Volcano  | HP: 5/112 [something (1)]
 13574 | Volcano  | Slain by a vampire

Skill      XL: |  1  2  3  4  5  6  7  8  9 10 11 12 |
---------------+-------------------------------------+-----
Axes           | 3 4 5 7 9 11 12 14 | 14.4
Fighting       | 4 5 6 8 9 10 12 | 12.0
Shields        | 4 5 6 7 8 10 11 12 | 12.3
Armour         | 4 5 6 7 8 9 10 11 | 11.6
Stealth        | 1 |  1.0
Throwing       | |  0.1
Dodging        | |  0.1
Evocations     | |  0.8

Action                   |  1- 3 |  4- 6 |  7- 9 | 10-12 || total
-------------------------+-------+-------+-------+-------++-------
Melee: War axe           |   115 |   145 |   401 |   734 ||  1395
       Broad axe         |       |       |       |   283 ||   283
Throw: Tomahawk          |       |       |       |     2 ||     2
Evoke: Wand              |       |       |     5 |     2 ||     7
       Deck              |       |       |       |     2 ||     2
  Use: Scroll            |       |     7 |     8 |     7 ||    22
       Potion            |       |       |    12 |    17 ||    29
  Eat: Chunk             |     1 |     2 |    10 |    14 ||    27
       Pizza             |       |     2 |       |     1 ||     3
       Beef jerky        |       |     1 |       |     1 ||     2
       Bread ration      |       |       |       |     2 ||     2
       Fruit             |       |       |       |     3 ||     3
       Royal jelly       |       |       |       |     1 ||     1
       Meat ration       |       |       |       |     2 ||     2
Armor: Scale mail        |    84 |    67 |    57 |       ||   208
       Chain mail        |       |       |    33 |       ||    33
       Plate armour      |       |       |   105 |   409 ||   514
       Skin              |       |       |       |    14 ||    14
       Ring mail         |       |       |       |    41 ||    41
Dodge: Dodged            |    41 |    45 |   132 |   195 ||   413
Block: Shield            |    89 |   104 |   257 |   621 ||  1071
